[Event "*** MasterClass Titled Tuesday Blitz"]
[Site "Chess.com"]
[Date "2017.07.04"]
[Round "1"]
[White "Vamostodorecto"]
[Black "FairChess_on_YouTube"]
[Result "0-1"]
[WhiteElo "2327"]
[BlackElo "2687"]
[TimeControl "180+2"]
[EndTime "13:08:45 PDT"]
[Termination "FairChess_on_YouTube won by resignation"]

1. d4 d5 2. c4 c6 3. Nc3 Nf6 4. Nf3 a6 5. e3 g6 6. b3 Bg7 7. Bb2 O-O 8. Be2 b5 9. O-O Nbd7 10.
cxd5 cxd5 11. Ne5 Bb7 12. f4 Nb6 13. a4 b4 14. Na2 a5 15. Nc1 Ne4 16. Ncd3 Rc8 17.
Rc1 Qd6 18. Rc2 f6 19. Nf3 Nd7 20. Nf2 Nc3 21. Bxc3 Rxc3 22. Rxc3 bxc3 23. Bb5 Rc8 24. Qc2 Nb8 25. Nd3 Na6 26. Bxa6 Bxa6 27. Rc1 Bxd3 28.
Qxd3 Qa3 29. Qc2 e6 30. Kf2 Bf8 31. Ne1 e5 32. fxe5 fxe5 33. dxe5 Qe7 34. Nd3 Qh4+ 35. Kg1 Qe4 36. Qe2 Bh6 37. Rc2 Bxe3+ 38. Kh1 d4 39. h3 Rb8 40. Nc5 Qd5 41. Qc4 Qxc4 42. bxc4 Rb2 43. e6 Rxc2 44. e7 Kf7 0-1

[Event "*** MasterClass Titled Tuesday Blitz"]
[Site "Chess.com"]
[Date "2017.07.04"]
[Round "1"]
[White "Blitzstream"]
[Black "abubakrtagelsir"]
[Result "1-0"]
[WhiteElo "2448"]
[BlackElo "2161"]
[TimeControl "180+2"]
[EndTime "13:08:47 PDT"]
[Termination "Blitzstream won on time"]

1. d4 d5 2. Nc3 Nf6 3. f3 g6 4. e4 Bg7 5. e5 Ng8 6. h4 e6 7. Bg5 Qd7 8. Qd2 h6 9. Be3 Ne7 10. O-O-O Nf5 11. Bf2 h5 12. g4 Bh6 13. g5 Bg7 14. Kb1 O-O 15. Bd3 Ne7 16. Nge2 c5 17. Ng3 Nbc6 18. f4 Nxd4 19. Bxd4 cxd4 20. Nb5 Nc6 21. Qe2 a6 22. Nd6 Nb4 23. Nxh5 gxh5 24.
Qxh5 Nxd3 25. Rxd3 a5 26. Rg3 Ra6 27. g6 fxg6 28.
Qxg6 Rxd6 29. exd6 Qf7 30. Qd3 Qxf4 31. Rhg1 Rf7 32.
h5 e5 33. a4 Bd7 34. Qg6 Bf5 35. d7 Bxd7 36. h6 Bf5 37. Qb6 Bxc2+ 38. Kxc2 d3+ 39. Kb1 Kh8 40. hxg7+ Rxg7 41. Qd8+ Kh7 42. Rxg7+ 1-0

[Event "*** MasterClass Titled Tuesday Blitz"]
[Site "Chess.com"]
[Date "2017.07.04"]
[Round "1"]
[White "matej2221"]
[Black "aa175"]
[Result "0-1"]
[WhiteElo "2335"]
[BlackElo "1889"]
[TimeControl "180+2"]
[EndTime "13:08:49 PDT"]
[Termination "aa175 won by resignation"]

1. e4 e5 2. Nf3 Nc6 3. Bb5 a6 4. Ba4 Nf6 5. O-O Bc5 6. c3 b5 7. Bb3 d6 8. d4 Bb6 9. Bg5 h6 10. Bh4 Bg4 11. Bd5 Qd7 12. dxe5 Bxf3 13. Qxf3 Nxe5 14. Qg3 g5 15. Bxa8 Nh5 16. Qh3 g4 17.
Qe3 Bxe3 18. fxe3 c6 19. Nd2 Qa7 20. Rf5 Qxe3+ 21. Rf2 Qa7 22. Kh1 Qxa8 23. Raf1 Qb7 24. Rf5 Ng7 25. Rf6 Qe7 26. Rxh6 Rxh6 27. Bxe7 Kxe7 28.
a4 g3 29. h3 Rf6 30. Ra1 bxa4 31. Rxa4 Rf2 32. Rd4 c5 33. Rd5 Ne8 34. Kg1 Nf6 35. Nf3 Nxd5 36. Nxe5 dxe5 0-1

[Event "*** MasterClass Titled Tuesday Blitz"]
[Site "Chess.com"]
[Date "2017.07.04"]
[Round "1"]
[White "nihalsarin"]
[Black "pedromartinez91"]
[Result "1-0"]
[WhiteElo "2631"]
[BlackElo "2308"]
[TimeControl "180+2"]
[EndTime "13:08:54 PDT"]
[Termination "nihalsarin won by checkmate"]

1. c4 e6 2. g3 d5 3. Bg2 Nf6 4. Nf3 Be7 5. O-O O-O 6. b3 c5 7.
Bb2 Nc6 8. e3 b6 9. Qe2 Ba6 10. d3 Rc8 11. Nc3 Bb7 12. Rac1 a6 13. Rfd1 Qc7 14. cxd5 exd5 15. Nh4 Qd7 16. e4 Nd4 17.
Qe1 Rfe8 18. Na4 Bd8 19. e5 Bc7 20. f4 Ng4 21. Bh3 h5 22. Bxd4 cxd4 23. Nf3 Bc6 24. Nb2 b5 25. Rc2 Bb6 26. Rdc1 Bb7 27. Nd1 Rxc2 28. Rxc2 Rc8 29. Qe2 Rc7 30. Nf2 Bc8 31. Ng5 Rc3 32. e6 fxe6 33. Bxg4 hxg4 34. Nxg4 Qc7 35. Rb2 Rc1+ 36. Kg2 Ba5 37. Ne5 Re1 38. Qh5 Qc1 39. Qe8# 1-0

[Event "*** MasterClass Titled Tuesday Blitz"]
[Site "Chess.com"]
[Date "2017.07.04"]
[Round "1"]
[White "Whateveriov"]
[Black "djogrodek1"]
[Result "1-0"]
[WhiteElo "2683"]
[BlackElo "2326"]
[TimeControl "180+2"]
[EndTime "13:08:59 PDT"]
[Termination "Whateveriov won by resignation"]

1. c4 c6 2. d4 d5 3. Nf3 Nf6 4. e3 Bf5 5. Nc3 e6 6. Nh4 Be4 7. f3 Bg6 8. Qb3 Qc7 9. Bd2 Be7 10. cxd5 cxd5 11. Nxg6 hxg6 12. O-O-O Nc6 13. Kb1 O-O-O 14.
Rc1 Kb8 15. Na4 Rc8 16. Bb5 Qd6 17. Nc5 b6 18. Na6+ Ka8 19. Bxc6+ Rxc6 20. Rxc6 Qxc6 21. Rc1 Qb7 22. Qb5 Rc8 23. Rxc8+ Qxc8 24. Bb4 Bxb4 25. Nxb4 Ne8 26. b3 Nd6 27. Qe2 Qc3 28. Nc2 Kb7 29. Kc1 a6 30. Qd2 Qxd2+ 31. Kxd2 a5 32. Ne1 f6 33.
Nd3 g5 34. h4 Nf7 35. hxg5 Nxg5 36. Nf4 Kc6 37. Nh5 e5 38. Nxg7 exd4 39. exd4 Kb5 40. Ne8 Kb4 41. Nxf6 Ne6 42. Nxd5+ Ka3 43. Nxb6 Nxd4 44.
Nc4+ Kxa2 45. Nxa5 1-0

[Event "*** MasterClass Titled Tuesday Blitz"]
[Site "Chess.com"]
[Date "2017.07.04"]
[Round "1"]
[White "rasmussvane"]
[Black "pedroholly22"]
[Result "1-0"]
[WhiteElo "2515"]
[BlackElo "2252"]
[TimeControl "180+2"]
[EndTime "13:09:00 PDT"]
[Termination "rasmussvane won by checkmate"]

1. d4 Nf6 2. c4 e6 3. Nf3 Bb4+ 4.
Nbd2 O-O 5. a3 Be7 6. e4 d6 7. Be2 Nfd7 8. b4 c5 9. Bb2 a5 10. dxc5 dxc5 11. b5 b6 12. O-O Bb7 13. Qc2 f6 14. e5 fxe5 15. Nxe5 Nxe5 16. Bxe5 Nd7 17. Bc3 Bf6 18. Bf3 Bxf3 19. Nxf3 Bxc3 20. Qxc3 Rf4 21. Rad1 Qf6 22. Qe3 Nf8 23. Ne5 Qf5 24. f3 h6 25.
g3 Rd4 26. Rxd4 cxd4 27. Qxd4 Rc8 28. Rf2 Rc5 29. f4 Qb1+ 30. Kg2 Qb3 31. Qd8 Qe3 32. Qd2 Qe4+ 33. Kg1 Qb1+ 34. Rf1 Qb3 35. Rf3 Qb1+ 36.
Kg2 Ng6 37. Nxg6 Qxg6 38. Qe2 Kh7 39. Re3 Qb1 40. Rxe6 Rf5 41. Rxb6 h5 42. Re6 h4 43.
Qe4 Qb2+ 44. Kh3 hxg3 45. Qxf5+ g6 46. Qxg6+ Kh8 47. Re8# 1-0

[Event "*** MasterClass Titled Tuesday Blitz"]
[Site "Chess.com"]
[Date "2017.07.04"]
[Round "1"]
[White "Fandorine"]
[Black "dolynachess"]
[Result "0-1"]
[WhiteElo "2654"]
[BlackElo "2340"]
[TimeControl "180+2"]
[EndTime "13:09:03 PDT"]
[Termination "dolynachess won by resignation"]

1. e4 e6 2. d4 d5 3. Nd2 dxe4 4. Nxe4 Bd7 5. Nf3 Bc6 6. Bd3 Nd7 7. O-O Ngf6 8. Ng3 Bxf3 9. Qxf3 c6 10. c3 Bd6 11.
Ne4 Nxe4 12. Qxe4 Nf6 13. Qh4 Be7 14. Re1 h6 15. Qg3 Rg8 16. Bd2 Bd6 17. Qh3 Qc7 18.
b4 a5 19. b5 Nd5 20. bxc6 bxc6 21. c4 Nf6 22. Rab1 Bb4 23. Bxb4 axb4 24. Rxb4 Ke7 25. Qf3 Rgd8 26. Reb1 Kf8 27. g3 Rxd4 28. a4 Qd6 29. Bf1 Kg8 30. Rb6 Ne4 31. Qe3 Rxa4 32. Rb8+ Kh7 33.
Bd3 f5 34. Bxe4 Rxe4 35. Qc3 Raxc4 36. Qb2 Rcd4 37. Rb7 Rd1+ 38. Kg2 Rdd4 39. Ra1 Qd5 40. f3 Rd2+ 0-1

[Event "*** MasterClass Titled Tuesday Blitz"]
[Site "Chess.com"]
[Date "2017.07.04"]
[Round "1"]
[White "Divertissement"]
[Black "kharov2001"]
[Result "1-0"]
[WhiteElo "2406"]
[BlackElo "2038"]
[TimeControl "180+2"]
[EndTime "13:09:07 PDT"]
[Termination "Divertissement won by resignation"]

1. d4 Nf6 2. Nf3 e6 3. g3 b6 4. Bg2 Bb7 5. O-O Be7 6. c4 O-O 7. Nc3 d6 8. d5 e5 9. e4 Nbd7 10.
Ne1 a5 11. Nd3 Ne8 12. Be3 g6 13. f4 Ng7 14. f5 f6 15. g4 Nc5 16. Bxc5 dxc5 17.
Qd2 Rf7 18. Rf3 Ne8 19. Raf1 Nd6 20. b3 g5 21. h4 Rg7 22. Rh3 Qf8 23. Kf2 Kf7 24.
hxg5 fxg5 25. Nxe5+ Kg8 26. Nd3 Re8 27. e5 Bf6 28.
Re1 Rge7 29. Rhe3 Bg7 30. Kg1 h6 31. f6 Bxf6 32. exf6 Rxe3 33. Rxe3 Qxf6 34. Rxe8+ Nxe8 35. Ne4 Qd4+ 36. Ndf2 Qe5 37. Qc3 Qf4 38. Qf3 Qc1+ 39. Kh2 Bc8 40. Nf6+ Nxf6 41. Qxf6 Qc2 42. Qd8+ Kg7 43.
Qxc7+ Kg6 44. Be4+ 1-0

[Event "*** MasterClass Titled Tuesday Blitz"]
[Site "Chess.com"]
[Date "2017.07.04"]
[Round "1"]
[White "improve_every_day"]
[Black "popov_m"]
[Result "0-1"]
[WhiteElo "1963"]
[BlackElo "2389"]
[TimeControl "180+2"]
[EndTime "13:09:10 PDT"]
[Termination "popov_m won by resignation"]

1. e4 g6 2. d4 Bg7 3. Nf3 d6 4. Bc4 Nf6 5. Nc3 O-O 6. Qe2 Nc6 7. Bb3 Bg4 8. Be3 e5 9. dxe5 Nxe5 10. O-O-O Nxf3 11.
gxf3 Bh5 12. Rhg1 Qe7 13. Nd5 Nxd5 14. Rxd5 Kh8 15. Bd4 Bxd4 16. Rxd4 Qe5 17. Rd5 Qxh2 18. Rdg5 Qf4+ 19. Kb1 Qxf3 20. Qc4 h6 21. Qd4+ Kh7 22. R5g3 Qf4 23. c3 g5 24. Bc2 Bg6 25. Rg4 Qe5 26.
Qd2 Rae8 27. f4 gxf4 28. Qf2 c5 29. Rxf4 b5 30. Rf6 Rg8 31. Rh1 Re6 32. Qe3 h5 33. Rf4 d5 34. Rfh4 d4 35. Qh3 dxc3 36. b3 Rd6 37.
Qg2 Rd2 38. Qf3 Kg7 39. Rxh5 Bxh5 40. Rxh5 Qf6 41. Rg5+ Qxg5 42. Qxc3+ f6 43. Qxc5 Qxc5 0-1

[Event "*** MasterClass Titled Tuesday Blitz"]
[Site "Chess.com"]
[Date "2017.07.04"]
[Round "1"]
[White "ehrenfeld"]
[Black "escher"]
[Result "1-0"]
[WhiteElo "2405"]
[BlackElo "2029"]
[TimeControl "180+2"]
[EndTime "13:09:25 PDT"]
[Termination "ehrenfeld won by resignation"]

1. e4 c5 2. Nf3 Nc6 3. Bb5 g6 4. Bxc6 dxc6 5. d3 Bg7 6. h3 e5 7. Nc3 Ne7 8. Be3 b6 9. Qd2 O-O 10. O-O Be6 11. Bh6 Qd6 12. Rae1 Rad8 13. Bxg7 Kxg7 14.
Qg5 f6 15. Qg3 c4 16. d4 exd4 17. e5 fxe5 18. Ne4 Nf5 19. Qh2 Qd5 20. Nxe5 Ne3 21. fxe3 Qxe4 22. exd4 Qxd4+ 23. Kh1 Bd5 24. c3 Qe4 25.
Ng4 Rxf1+ 26. Rxf1 Rd7 27. Qg3 Re7 28. Rf2 Qb1+ 29.
Kh2 Qe4 30. Nf6 Qe6 31. Ng4 h5 32. Rf6 Qe2 33. Rf2 Qe6 34. Rf6 Qd7 35. Rxg6+ Kxg6 36. Ne5+ Kf6 37. Nxd7+ Rxd7 38. Qf4+ Ke6 39. Qh6+ Ke5 40. Qxh5+ Kd6 41. Qf5 Rf7 42. Qg4 Kc5 43. h4 Kb5 44. h5 Rh7 45. Qg5 Ka6 46. g4 Rf7 47. Qe5 Rf2+ 48. Kg3 Rg2+ 49. Kf4 Rf2+ 50. Kg5 Rg2 51.
h6 Bf3 52. Qf4 Bd1 53. Qxc4+ b5 54. Qf4 Ka5 55. h7 Rxg4+ 56. Qxg4 Bxg4 57. Kxg4 1-0

[Event "*** MasterClass Titled Tuesday Blitz"]
[Site "Chess.com"]
[Date "2017.07.04"]
[Round "1"]
[White "Federtiu"]
[Black "FearlessKing64"]
[Result "1-0"]
[WhiteElo "2454"]
[BlackElo "2184"]
[TimeControl "180+2"]
[EndTime "13:09:30 PDT"]
[Termination "Federtiu won by resignation"]

1. c4 Nf6 2. Nc3 d5 3. cxd5 Nxd5 4. g3 c5 5. Bg2 Nc7 6. d3 e5 7. Nf3 Nc6 8. O-O Be7 9. a3 f6 10. h4 Be6 11. Be3 Qd7 12. Ne4 b6 13. Rc1 Nd5 14.
Bd2 Rc8 15. Re1 O-O 16. Qa4 Rfd8 17. h5 h6 18. Nh4 f5 19. Nc3 Bxh4 20. gxh4 Nf6 21.
b4 Nd4 22. Qxd7 Rxd7 23. bxc5 Rxc5 24. Be3 Rc8 25. f4 Nb3 26. fxe5 Nxc1 27. exf6 Rxc3 28.
Bxc1 gxf6 29. Bxh6 Rh7 30. Bf4 Rxh5 31. Bg3 f4 32.
Bf2 Rxa3 33. Bf3 Rh7 34. Rc1 Rd7 35. Rc6 Kf7 36. h5 Bf5 37. Bh4 Be6 38. h6 Rd8 39. Bh5+ Ke7 40. h7 Rh8 41. Bg4 Bxg4 42. Bxf6+ Kd7 43. Bxh8 Kxc6 44. Bb2 Ra2 45. h8=Q Bd7 46. Qf6+ Kb7 47. Qe5 Bc6 48. Kf2 Ra4 49. Qe7+ Ka6 50.
Be5 Bb5 51. Bb8 Ka5 52. Qxa7+ Kb4 53. Bd6+ Kb3 54. Qxb6 1-0

[Event "*** MasterClass Titled Tuesday Blitz"]
[Site "Chess.com"]
[Date "2017.07.04"]
[Round "1"]
[White "GianmarcoVaR"]
[Black "charlescandycampbell"]
[Result "0-1"]
[WhiteElo "2415"]
[BlackElo "2128"]
[TimeControl "180+2"]
[EndTime "13:09:30 PDT"]
[Termination "charlescandycampbell won by checkmate"]

1. d4 Nf6 2. c4 e6 3. g3 d5 4. Nf3 c6 5. Bg2 Bd6 6. O-O Nbd7 7. Nc3 O-O 8. Nd2 Bb4 9. e4 Bxc3 10. bxc3 Nxe4 11.
Nxe4 dxe4 12. Bxe4 Nf6 13. Bf3 Re8 14. Re1 Bd7 15. Ba3 b6 16. Bd6 h6 17. a4 Qc8 18.
a5 Qb7 19. a6 Qc8 20. Kg2 Qd8 21. Qd2 Rc8 22. c5 b5 23. c4 bxc4 24. Qb4 Nd5 25.
Qxc4 Qf6 26. Rab1 e5 27. Bxe5 Bh3+ 28. Kxh3 Qxf3 29. Rb3 Qf5+ 30. Kg2 f6 31. Rb7 fxe5 32. dxe5 Rxe5 33. Rxe5 Qxe5 34. Qg4 Rc7 35. Rxc7 Qxc7 36.
Qe6+ Kh7 37. h4 g6 38. h5 gxh5 39.
Qf5+ Kg7 40. Qxh5 Qf7 41. Qe5+ Kg6 42. Qe4+ Qf5 43. Qe8+ Qf7 44. Qxc6+ Nf6 45. Qb7 Qd5+ 46. Kg1 Qxc5 47. Qb1+ Kf7 48. Qb7+ Ke6 49. Qf3 Qc1+ 50. Kg2 Qc5 51. Qe2+ Qe5 52. Qd2 Qd5+ 53. Qxd5+ Nxd5 54. Kf3 Nc7 55. Kg4 Kf6 56. Kh5 Kg7 57. f4 Nxa6 58.
f5 Nc5 59. f6+ Kxf6 60. g4 Ne4 61. Kh4 a5 62. Kh5 a4 63. Kh4 a3 64. g5+ hxg5+ 65. Kg4 a2 66. Kf3 Ke5 67. Ke3 a1=Q 68. Kd3 Qc3+ 69. Ke2 Kf4 70. Kf1 Qd2 71. Kg1 Qf2+ 72.
Kh1 Ng3# 0-1

[Event "*** MasterClass Titled Tuesday Blitz"]
[Site "Chess.com"]
[Date "2017.07.04"]
[Round "1"]
[White "pKiLz5Rn9b"]
[Black "viggi38"]
[Result "0-1"]
[WhiteElo "2476"]
[BlackElo "2247"]
[TimeControl "180+2"]
[EndTime "13:09:33 PDT"]
[Termination "viggi38 won on time"]

1. d4 f5 2. Nf3 Nf6 3. g3 g6 4.
Bg2 Bg7 5. c4 O-O 6. O-O d6 7.
Nc3 c6 8. b3 Qe8 9. Ba3 Na6 10.
Re1 Ne4 11. Qc2 Nxc3 12. Qxc3 c5 13. Rad1 e5 14. dxe5 dxe5 15. e4 f4 16. Rd5 Be6 17.
Rxe5 Qd7 18. Bb2 Rae8 19. Qc1 Bxe5 20. Nxe5 Qe7 21. gxf4 Qh4 22. Qc3 Qxf4 23. Nd3 Qh6 24. Re3 Kf7 25. Nf4 Bg4 26. Nd5 Re6 27. h3 Bh5 28. a3 Ke8 29. b4 b6 30. Qb3 Kd8 31.
Qa4 Nc7 32. Qxa7 Nxd5 33. cxd5 Re7 34. Qxb6+ Ke8 35. Qxc5 Qf4 36. Rg3 Qd2 37. d6 Qxb2 38. dxe7 Rf7 0-1

[Event "*** MasterClass Titled Tuesday Blitz"]
[Site "Chess.com"]
[Date "2017.07.04"]
[Round "1"]
[White "wonderfultime"]
[Black "rubhani"]
[Result "1-0"]
[WhiteElo "2667"]
[BlackElo "2322"]
[TimeControl "180+2"]
[EndTime "13:09:53 PDT"]
[Termination "wonderfultime won by resignation"]

1. d4 Nf6 2. c4 e6 3. Nc3 Bb4 4.
e3 O-O 5. Ne2 c6 6. a3 Ba5 7. c5 d5 8. cxd6 Qxd6 9. g3 e5 10. b4 Bb6 11. dxe5 Qxe5 12. Bg2 Bg4 13. Bb2 Rd8 14. Qc1 Qf5 15. O-O Bf3 16. Qb1 Qxb1 17.
Raxb1 Bxg2 18. Kxg2 Nbd7 19. Na4 Ne4 20. Rfd1 Ndf6 21.
f3 Nd2 22. Rbc1 Bxe3 23. Rc3 Bh6 24. Rc2 Nb3 25. Rxd8+ Rxd8 26. f4 Nd5 27. Kf3 g6 28. Nd4 Nxd4+ 29. Bxd4 Bg7 30. Bf2 a6 31. Nc5 Rb8 32.
Nd7 Re8 33. Nc5 Rb8 34. g4 Bf8 35. Ne4 Be7 36. f5 f6 37. Bg3 Rd8 38. h4 Kf7 39. h5 g5 40. Rd2 a5 41. bxa5 Ra8 42. Rb2 Rxa5 43. Rxb7 Rxa3+ 44. Kf2 Ra2+ 45. Kg1 Ra1+ 46. Kh2 Ra2+ 47. Kh3 Nf4+ 48. Bxf4 gxf4 49. g5 Kf8 50. g6 hxg6 51. fxg6 Re2 52. h6 Rxe4 53. Rb8+ Bd8 54. Rxd8+ Ke7 55. h7 Kxd8 56. h8=Q+ Re8 57. Qxf6+ 1-0

[Event "*** MasterClass Titled Tuesday Blitz"]
[Site "Chess.com"]
[Date "2017.07.04"]
[Round "1"]
[White "grobesk"]
[Black "Cryptochess"]
[Result "0-1"]
[WhiteElo "2227"]
[BlackElo "2490"]
[TimeControl "180+2"]
[EndTime "13:09:57 PDT"]
[Termination "Cryptochess won by resignation"]

1. d4 Nf6 2. g4 Nxg4 3. e4 d6 4.
Be2 Nf6 5. Nc3 e5 6. dxe5 dxe5 7.
Qxd8+ Kxd8 8. Bg5 c6 9. O-O-O+ Kc7 10. f4 Nfd7 11. f5 f6 12. Be3 b5 13. Bh5 Bc5 14.
Bxc5 Nxc5 15. a3 a5 16. b4 axb4 17. axb4 Ra1+ 18. Kb2 Rxd1 19. Bxd1 Nca6 20. Na2 Nd7 21. c3 Nb6 22. Bb3 g6 23. fxg6 hxg6 24. h4 Bg4 25. Nc1 c5 26. Bf7 cxb4 27. cxb4 Nxb4 28. Bxg6 Nc4+ 29. Kc3 Nc6 30. h5 Ne7 31. Rh4 Nxg6 32. Rxg4 Nf4 33. Kb4 Nd6 34. Nge2 Nxe2 35. Nxe2 Kc6 36.
Rg6 Nxe4 37. Nc3 Nxc3 38. Rxf6+ Kd5 39. Kxc3 Rxh5 40. Rb6 Kc5 41. Re6 Rh3+ 42. Kd2 Kd4 43. Rb6 Rb3 44. Rd6+ Kc5 45. Re6 Kd5 46. Rb6 e4 47.
Kc2 Kc4 48. Rc6+ Kb4 49. Re6 e3 50. Re4+ Ka3 51. Re8 Ka2 52. Ra8+ Ra3 53. Rb8 Ra5 54. Kd3 Kb3 55. Kxe3 b4 56. Rh8 Rd5 57. Ke4 Rd7 58.
Rh3+ Ka4 59. Rh8 b3 60. Ra8+ Kb4 61. Rb8+ Kc3 62. Rc8+ Kb2 63. Ke3 Kb1 0-1

[Event "*** MasterClass Titled Tuesday Blitz"]
[Site "Chess.com"]
[Date "2017.07.04"]
[Round "1"]
[White "IamSchrodingersCat"]
[Black "maheswaran26"]
[Result "1-0"]
[WhiteElo "2442"]
[BlackElo "2144"]
[TimeControl "180+2"]
[EndTime "13:10:08 PDT"]
[Termination "IamSchrodingersCat won on time"]

1. e4 e5 2. Nf3 Nc6 3. Bb5 a6 4. Ba4 Nf6 5. d4 exd4 6. O-O Be7 7. e5 Ne4 8. b4 O-O 9. Re1 d5 10.
exd6 Nxd6 11. Bxc6 bxc6 12. Nxd4 Bf6 13. Nxc6 Qd7 14. Ne5 Qf5 15. f4 Bb7 16. Nc3 Rad8 17. Qd3 Ne4 18. Qe3 Nxc3 19. Qxc3 Rfe8 20. Be3 Bxe5 21. fxe5 Qe4 22. Re2 Rxe5 23. Rae1 Rde8 24. Qxc7 h5 25. h3 R5e7 26. Qg3 Qe5 27. Qf2 Qd5 28.
c3 f5 29. Bd4 Rxe2 30. Rxe2 Rxe2 31. Qxe2 Kh7 32. Qd2 Kg6 33. Qf2 Kh7 34. Qg3 Qf7 35. Qg5 f4 36. Kf2 f3 37. g4 Qxa2+ 38. Kg3 Qf7 39.
gxh5 Kg8 40. Bf2 Qc7+ 41. Qf4 Qxc3 42. Qb8+ Kh7 43. Qxb7 Qe5+ 44. Kxf3 Qxh5+ 45. Ke3 Qxh3+ 46. Qf3 Qd7 47. Qe4+ Kg8 48. Ke2 Qb5+ 49. Kd2 Qa4 50.
Qc4+ Kh7 51. Bd4 Qd7 52. Qd3+ Kg8 53. Bc5 1-0

[Event "*** MasterClass Titled Tuesday Blitz"]
[Site "Chess.com"]
[Date "2017.07.04"]
[Round "1"]
[White "AdrianaNikolova"]
[Black "gmcorrales"]
[Result "1-0"]
[WhiteElo "2321"]
[BlackElo "2606"]
[TimeControl "180+2"]
[EndTime "13:10:09 PDT"]
[Termination "AdrianaNikolova won by resignation"]

1. e4 c5 2. Nf3 d6 3. d4 cxd4 4. Nxd4 Nf6 5. Nc3 a6 6. Bg5 e6 7.
f4 Qb6 8. Qd2 Nc6 9. Nb3 Be7 10.
Bxf6 Bxf6 11. Qxd6 Bxc3+ 12. bxc3 Qe3+ 13. Be2 Bd7 14. Qd2 Qxe4 15. O-O Rd8 16. Nc5 Qd5 17. Qxd5 exd5 18. Nxb7 Rb8 19. Nc5 Ke7 20. Bxa6 Rhd8 21. Rfe1+ Kf8 22. Rab1 Bf5 23. Rxb8 Rxb8 24. Bd3 Bc8 25. a4 Rb2 26. Bb5 Ne7 27. Re2 Bg4 28. Rd2 h5 29. h3 Bf5 30. Bd3 Bxd3 31. Nxd3 Ra2 32. Nc5 h4 33. Kf2 g6 34. g3 hxg3+ 35.
Kxg3 Ra3 36. Rd3 Ra2 37. Nd7+ Kg7 38. Nb6 Rxc2 39. Kf3 Ra2 40. Nxd5 Nf5 41. Nb6 Rb2 42. a5 Rb5 43. Nc4 Rc5 44. Nd6 Nxd6 45. Rxd6 Rxc3+ 46. Kg4 f5+ 47. Kh4 Kh6 48. Rd8 Rf3 49. Rh8+ Kg7 50. Ra8 Kh6 51. Rh8+ Kg7 52. Rb8 Kf6 53. Rb6+ Kf7 54. Kg5 Rg3+ 55. Kh4 Rg1 56. Rb7+ Kf6 57. Rb6+ Kg7 58. a6 Ra1 59. Rb7+ Kh6 60. a7 Ra4 61. Kg3 Ra3+ 62. Kf2 Ra1 63. Ke3 Ra4 64. Kd3 g5 65.
fxg5+ Kxg5 66. Kc3 Ra6 67. Kb4 f4 68. Rb5+ Kh4 69. Ra5 Rxa7 70. Rxa7 Kxh3 71. Kc3 f3 72. Kd2 Kg2 73. Rf7 Kf2 74. Rf6 Kg3 75. Ke3 f2 76.
Rxf2 1-0

[Event "*** MasterClass Titled Tuesday Blitz"]
[Site "Chess.com"]
[Date "2017.07.04"]
[Round "1"]
[White "TregubovP"]
[Black "Tesla37"]
[Result "1-0"]
[WhiteElo "2367"]
[BlackElo "2630"]
[TimeControl "180+2"]
[EndTime "13:10:14 PDT"]
[Termination "TregubovP won by resignation"]

1. d4 Nf6 2. c4 d6 3. Nf3 Nbd7 4. g3 e5 5. Bg2 Be7 6. O-O O-O 7. Nc3 c6 8. e4 a6 9. a4 exd4 10. Nxd4 a5 11. Nf5 Ne5 12. b3 Bxf5 13. exf5 Re8 14.
h3 Bf8 15. g4 h6 16. Bf4 Qb6 17. Qc2 Nfd7 18. Rab1 Nc5 19. Be3 Qc7 20. Rfd1 Rad8 21. Ne2 Be7 22. Ng3 Bg5 23. Bxg5 hxg5 24. f6 gxf6 25. Qf5 Qe7 26. Nh5 Ned7 27. Re1 Qxe1+ 28. Rxe1 Rxe1+ 29. Kh2 Re6 30. f4 Nxb3 31. fxg5 Nd4 32. Qf2 Ne2 33. gxf6 Rde8 34. Qh4 Re5 35. Ng7 Nf4 36.
Nxe8 Rxe8 37. Qh6 Ne6 38. Be4 Ndf8 39. Bf5 d5 40. cxd5 cxd5 41. g5 d4 42. g6 fxg6 43.
Bxg6 Nxg6 44. Qxg6+ Kf8 45. h4 Rd8 46. f7 Ke7 47.
Qe4 d3 48. f8=Q+ Kxf8 49. Qxe6 d2 50. Qf5+ Ke7 51. Qg5+ Ke8 52. Qe3+ Kf7 53. Qf3+ Ke8 54. Qe2+ Kf7 55. Qd1 Rd7 56. Kg3 Kg7 57. Kf2 Kh6 58. Ke3 Rd6 59. Qxd2 Rxd2 60. Kxd2 Kh5 61. Kc3 Kxh4 62.
Kc4 Kg5 63. Kb5 Kf6 64. Kxa5 Ke6 65. Kb6 Kd5 66. Kxb7 1-0

[Event "*** MasterClass Titled Tuesday Blitz"]
[Site "Chess.com"]
[Date "2017.07.04"]
[Round "1"]
[White "Jospem"]
[Black "evgenyermolaev"]
[Result "1-0"]
[WhiteElo "2599"]
[BlackElo "2304"]
[TimeControl "180+2"]
[EndTime "13:10:15 PDT"]
[Termination "Jospem won by resignation"]

1. e4 c5 2. Nf3 d6 3. d4 cxd4 4. Nxd4 Nf6 5. Nc3 a6 6. Be3 e6 7. f3 b5 8. Qd2 Nbd7 9. g3 Bb7 10.
O-O-O Nb6 11. Qf2 Nfd7 12. Kb1 Rc8 13. Be2 Rxc3 14. bxc3 Na4 15. Bd2 Qc7 16. Qe3 d5 17. exd5 Bxd5 18. c4 bxc4 19. Ka1 Bc5 20. c3 O-O 21. f4 Bxh1 22. Rxh1 Rb8 23. Rb1 Rxb1+ 24. Kxb1 Qb6+ 25. Kc2 Qb2+ 26. Kd1 Ndb6 27. Ke1 Nd5 28. Qe5 Naxc3 29. Bxc4 Nb1 30. Nf3 Qxe5+ 31. Nxe5 Nxd2 32. Kxd2 Ne3 33. Bxa6 f6 34. Nd3 Bb6 35. Ke2 Nc2 36. Bc4 Na3 37. Bxe6+ Kf8 38. Nb4 Nb5 39. Bc4 Na3 40.
Bd3 g6 41. Nd5 Bd4 42. Kf3 Kf7 43. Ke4 Bg1 44. h3 f5+ 45. Kf3 Bd4 46. g4 Ke6 47. Ne3 fxg4+ 48. hxg4 Kf6 49. g5+ Ke6 50. Ng4 Bc5 51. Nf6 h6 52. Ne4 Bf8 53. Kg4 h5+ 54.
Kf3 Kf7 55. Nf6 Bd6 56. Nd7 Ke6 57. Nf6 Kf7 58. Ne4 Be7 59. Nf2 Bd6 60. Nd1 Bc7 61. Ne3 Bd6 62. Ng2 Kg7 63. Nh4 1-0

[Event "*** MasterClass Titled Tuesday Blitz"]
[Site "Chess.com"]
[Date "2017.07.04"]
[Round "1"]
[White "BilodeauA"]
[Black "Schemato"]
[Result "1-0"]
[WhiteElo "2586"]
[BlackElo "2302"]
[TimeControl "180+2"]
[EndTime "13:10:21 PDT"]
[Termination "BilodeauA won by resignation"]

1. e4 e6 2. d4 d5 3. Nd2 Be7 4. Bd3 c5 5. dxc5 Nf6 6. exd5 Qxd5 7. Ngf3 O-O 8. O-O Nbd7 9. Qe2 Nxc5 10. Bc4 Qh5 11.
Nb3 b6 12. Ne5 Qxe2 13. Bxe2 Bb7 14. Bb5 Rac8 15. c3 Rfd8 16. Be3 Ncd7 17. Nxd7 Nxd7 18. a4 Nc5 19. Nd4 e5 20. Nf5 Bf8 21. Bg5 f6 22.
Be3 Be4 23. Ng3 Bg6 24. h4 h6 25. h5 Bf7 26. Be2 Nb3 27. Rad1 Nc5 28. Bg4 Rb8 29.
Ra1 Nb3 30. Rad1 Bc5 31. Nf5 Kf8 32. Kh2 Bxe3 33. Nxe3 Nc5 34. Ra1 Rd2 35. b4 Ne4 36. a5 b5 37. Rad1 Rbd8 38. Rxd2 Rxd2 39. Bf3 Nxc3 40.
Rc1 Ne2 41. Rc8+ Ke7 42. Rc7+ Kf8 43. Rxa7 Nd4 44. Kg3 Rb2 45. a6 Rxb4 46. Ra8+ Ke7 47. a7 Ra4 48. Bd5 Bxh5 49. Rg8 Rxa7 50. Rxg7+ Kd6 51. Rxa7 f5 52. f4 Ne2+ 53. Kf2 Nxf4 54. Bf3 Bxf3 55. gxf3 e4 56. Nxf5+ Kc5 57. fxe4 b4 58. Ke3 Ne6 59. Re7 Ng5 60. Nxh6 b3 61. Re5+ Kc4 62. Rxg5 b2 63. Rg1 1-0

[Event "*** MasterClass Titled Tuesday Blitz"]
[Site "Chess.com"]
[Date "2017.07.04"]
[Round "1"]
[White "evgenysharapov"]
[Black "kleinebeer98"]
[Result "1-0"]
[WhiteElo "2237"]
[BlackElo "2450"]
[TimeControl "180+2"]
[EndTime "13:10:37 PDT"]
[Termination "evgenysharapov won on time"]

1. e4 e5 2. Nf3 Nc6 3. Bb5 f5 4.
Bxc6 dxc6 5. Nc3 fxe4 6. Nxe4 Nf6 7. Qe2 Be7 8. d3 O-O 9. Bd2 Bg4 10. h3 Bh5 11. O-O-O Nxe4 12. dxe4 Bd6 13. g4 Qf6 14. Ng5 Bf7 15. Kb1 Bc5 16. f3 Rad8 17. Bc1 Bd4 18. c3 Bc5 19. Rxd8 Rxd8 20. Rd1 Bd6 21. Nxf7 Qxf7 22. b3 Rf8 23. Rd3 a5 24. h4 a4 25.
Qc2 h6 26. bxa4 Ra8 27. Qb3 Kf8 28. Qxf7+ Kxf7 29. Kc2 Rxa4 30. Kb3 b5 31. h5 c5 32. Rd1 c4+ 33. Kb2 Ke6 34. Kb1 Ra8 35. Rf1 Rf8 36.
Bd2 Bc5 37. Kc2 Ra8 38. Kb2 Rd8 39. Kc2 c6 40. Bc1 Ra8 41. Kb1 Ba3 42. Be3 Rd8 43. Kc2 Rd3 44. Bd2 Bd6 45. Bc1 c5 46.
Bd2 b4 47. Rb1 bxc3 48. Bxc3 Rxf3 49. a4 Rf2+ 50. Bd2 Bc7 51. Kc1 Rg2 52. a5 1-0